 Dungeon Crawl Stone Soup version 0.27-a0-346-ga689d4a613 (webtiles) character file.

Game seed: 9671310597078412828

285 tilp the Insei (level 6, -3/43 HPs)
             Began as an Octopode Transmuter on Feb 15, 2021.
             Slain by a phantom (8 damage)
             ... on level 4 of the Dungeon.
             The game lasted 00:05:08 (4562 turns).

tilp the Insei (Octopode Transmuter)                Turns: 4562, Time: 00:05:09

Health: -3/43      AC:  1    Str: 10    XL:     6   Next: 29%
Magic:  7/9        EV: 13    Int: 17    God:
Gold:   136        SH:  0    Dex: 12    Spells: 6/9 levels left

rFire    . . .     SeeInvis .     - Unarmed
rCold    . . .     Faith    .   (no shield)
rNeg     . . .     Spirit   .   (helmet restricted)
rPois    .         Reflect  .   (no amulet)
rElec    .         Harm     .   (no ring)
rCorr    .         Rampage  .   (no ring)
Will     .....                  (no ring)
Stlth    +++.......             (no ring)
HPRegen  0.14/turn              (no ring)
MPRegen  0.11/turn              (no ring)
                                (no ring)
                                (no ring)

@: wereblooded (expiring)
A: almost no armour, stealthy swim, amphibious, 8 rings, constrict 8, camouflage
1, gelatinous body 1
a: no special abilities


You were on level 4 of the Dungeon.
You visited 1 branch of the dungeon, and saw 4 of its levels.

You collected 136 gold pieces.

Inventory:

Missiles
 c - 99 stones
 o - 2 boomerangs
 p - 9 poisoned darts (quivered)
Wands
 q - a wand of mindburst (12)
Scrolls
 a - a scroll of amnesia {unknown}
 b - 3 scrolls of teleportation
 d - a scroll of fog {unknown}
 e - a scroll of enchant armour {unknown}
 i - a scroll of blinking {unknown}
 j - a scroll of fear {unknown}
 l - a scroll of random uselessness {unknown}
 n - a scroll of noise {unknown}
 r - a scroll of identify
 s - a scroll of magic mapping {unknown}
Potions
 g - a potion of brilliance
 h - a potion of might {unknown}
 k - a potion of attraction {unknown}
 m - a potion of lignification {unknown}


   Skills:
 + Level 3.8 Fighting
 - Level 2.0 Dodging
 - Level 4.0 Stealth
 + Level 4.8 Unarmed Combat
 - Level 2.0 Spellcasting
 - Level 2.0 Transmutations


You had 6 spell levels left.
You knew the following spells:

 Your Spells              Type           Power        Failure   Level
a - Beastly Appendage     Tmut           16%          9%          1
b - Wereblood             Tmut           8%           13%         2

Your spell library contained the following spells:

 Spells                   Type           Power        Failure   Level
 Spider Form              Tmut/Pois      2%           36%         3
 Ice Form                 Ice/Tmut       5%           77%         4
 Blade Hands              Tmut           4%           93%         5


Dungeon Overview and Level Annotations

Branches:
Dungeon (4/15)
 Temple: D:4-7

Altars:
Vehumet
The Shining One

Annotations:
D:4 Menkaure


Innate Abilities, Weirdness & Mutations

You cannot wear most types of armour.
You are very stealthy in the water. (Stealth+)
You are amphibious.
You can wear up to eight rings at the same time.
You can use your tentacles to constrict eight enemies at once.
Your skin changes colour to match your surroundings (Stealth+).
Your rubbery body absorbs attacks. (AC +1, EV +1)


Message History

The phantom blinks!
You blink.
You closely miss the phantom. Your squeeze misses the phantom.
The phantom is moderately damaged.
The phantom hits you.
* * * LOW HITPOINT WARNING * * *
The phantom blinks!
You blink.
Unknown command.
You barely miss the phantom. You squeeze the phantom!
The phantom is heavily damaged.
Your tentacle spike disappears.
The phantom hits you.
* * * LOW HITPOINT WARNING * * *
The phantom blinks!
You blink.
Unknown command.
You feel better. The phantom misses you.
Unknown command.
You barely miss the phantom. Your squeeze misses the phantom.
The phantom is heavily damaged.
The phantom hits you!
* * * LOW HITPOINT WARNING * * *
Unknown command.
You feel better. The phantom hits you!
* * * LOW HITPOINT WARNING * * *
Unknown command.
You feel better. The phantom hits you.
* * * LOW HITPOINT WARNING * * *
The phantom blinks!
You blink.
Unknown command.
You closely miss the phantom.
The phantom is heavily damaged.
Your primal bloodlust is almost over.
The phantom closely misses you.
You tentacle-slap the phantom.
The phantom is heavily damaged.
The phantom barely misses you.
You miss the phantom.
You squeeze the phantom, but do no damage.
The phantom is heavily damaged.
The phantom hits you!
You die...

#.### .?.
######.#.#############.#
.........##...##.......##
#######..##.#.##......$...
#.....#.##......###.
#...###.........#
###.#####.......#
#......W......#
########@.....# ########


You could see a phantom.

Vanquished Creatures
  An orc priest (D:3)
  A centaur skeleton (D:4)
  An orc wizard (D:2)
  Natasha (twice) (D:2)
  A worker ant (D:2)
  5 adders
  An ooze (D:1)
  A worm (D:2)
  3 dart slugs
  A leopard gecko (D:1)
  5 orcs (D:3)
  A giant cockroach (D:1)
  12 hobgoblins
  2 jackals (D:2)
  4 quokkas
  A ball python (D:1)
  11 bats
  8 frilled lizards
  3 goblins (D:1)
  A jackal skeleton (D:4)
  5 kobolds
  8 rats
78 creatures vanquished.

Vanquished Creatures (others)
  A plant (D:3)
1 creature vanquished.

Grand Total: 79 creatures vanquished

Notes
Turn   | Place    | Note
-------+----------+-------------------------------------------
     0 | D:1      | tilp the Octopode Transmuter began the quest for the Orb.
     0 | D:1      | Reached XP level 1. HP: 13/13 MP: 3/3
   194 | D:1      | Reached skill level 1 in Stealth
   286 | D:1      | Reached XP level 2. HP: 4/18 MP: 5/5
   882 | D:1      | Learned a level 2 spell: Wereblood
  1327 | D:1      | Reached XP level 3. HP: 23/23 MP: 6/6
  1868 | D:2      | Reached XP level 4. HP: 19/29 MP: 5/7
  2002 | D:2      | Noticed Natasha
  2027 | D:2      | Killed Natasha
  2669 | D:2      | Noticed Natasha
  2678 | D:2      | Killed Natasha
  2679 | D:2      | Reached XP level 5. HP: 25/35 MP: 4/8
  3081 | D:2      | Found a radiant altar of Vehumet.
  3585 | D:3      | Reached XP level 6. HP: 39/42 MP: 7/9
  3653 | D:3      | Found a glowing golden altar of the Shining One.
  4279 | D:4      | Noticed Menkaure
  4557 | D:4      | HP: 1/43 [phantom (9)]
  4562 | D:4      | Slain by a phantom

Illustrated notes

Levels and vault maps discovered:
D:1:      minmay_arrival_loop, layout_basic, hangedman_decor_clover_reticule,
          minmay_tripent
D:2:      layout_basic, lemuel_coloured_pillars_altar, uniq_natasha
D:3:      layout_basic, marbit_many_paths, serial_forest,
          infiniplex_forest_split, infiniplex_forest_lined_2,
          infiniplex_forest_end_1, infiniplex_forest_lined_room_2,
          infiniplex_forest_lined_3, infiniplex_forest_lined_3,
          infiniplex_forest_straight_5, infiniplex_forest_clump_tiny
D:4:      layout_basic, serial_shops, shop, uniq_blork_the_orc, uniq_menkaure

Skill      XL: |  1  2  3  4  5 |
---------------+----------------+-----
Stealth        | 2 3 4 |  4.0
Fighting       | 2 3 |  3.8
Unarmed Combat | 4 |  4.8
Dodging        | |  2.0
Spellcasting   | |  2.0
Transmutations | |  2.0

Action                   |  1- 3 |  4- 6 || total
-------------------------+-------+-------++-------
Melee: Unarmed           |    89 |   132 ||   221
       Kick              |    14 |    16 ||    30
       Constrict         |    22 |    31 ||    53
       Tentacles         |     8 |    25 ||    33
       Punch             |     2 |     3 ||     5
Throw: Dart              |       |     3 ||     3
       Stone             |       |     1 ||     1
 Cast: Beastly Appendage |     9 |    19 ||    28
       Wereblood         |     1 |     4 ||     5
  Use: Scroll            |       |     3 ||     3
       Potion            |       |     3 ||     3
 Stab: Sleeping          |     1 |    12 ||    13
       Distracted        |       |     1 ||     1
Armor: Skin              |    11 |    10 ||    21
Dodge: Dodged            |    60 |    83 ||   143

Table legend: (Time is in decaauts)
 A = Elapsed time spent in this place.
 B = Non-inter-level travel time spent in this place.
 C = Inter-level travel time spent in this place.
 D = Time resting spent in this place.
 E = Time spent auto-exploring this place.
 F = Levels seen in this place.
 G = Mean time per level.
                   A        B        C        D        E       F      G
               +--------+--------+--------+--------+--------+-----+--------+
         Total |   4538 |   4403 |    135 |   1052 |   2749 |   4 | 1134.5 |
       Dungeon |   4538 |   4403 |    135 |   1052 |   2749 |   4 | 1134.5 |
               +--------+--------+--------+--------+--------+-----+--------+

Top non-repeatable levels by time:
     D:1: 1707 daAuts
     D:2: 1535 daAuts
     D:3: 1013 daAuts
     D:4: 282 daAuts
